 Dungeon Crawl Stone Soup version 0.21.1-1-g345015f (webtiles) character file.

190813 tidbits the Martial Artist (level 17, -6/172 HPs)
             Began as a Gnoll Transmuter on Feb 4, 2018.
             Was a High Priest of Cheibriados.
             Mangled by a titanic slime creature (63 damage)
             ... on level 5 of the Pits of Slime on Feb 6, 2018.
             The game lasted 02:42:21 (8698 turns).

tidbits the Martial Artist (Gnoll Transmuter)       Turns: 8698, Time: 02:42:21

Health: -6/172     AC: 22    Str: 24    XL:     17   Next: 82%
Magic:  2/33       EV: 24    Int: 34    God:    Cheibriados [*****.]
Gold:   1772       SH: 18    Dex: 26    Spells: 1/40 levels left

rFire    x . .     SeeInvis .   a - +2 war axe (flame)
rCold    + . .     Gourm    .   D - +1 shield
rNeg     + . .     Faith    .   (armour currently unavailable)
rPois    ∞         Spirit   .   (helmet restricted)
rElec    +         Reflect  +   (no cloak)
rCorr    .         Harm     .   (gloves currently unavailable)
MR       +....                  (boots currently unavailable)
Stlth    +++++.....             s - +3 amulet of reflection
HPRegen  0.38/turn              j - ring of ice
MPRegen  0.23/turn              U - +5 ring of protection (curse)

@: statue-form, corroded, very slow
A: distributed training, antennae 1, fangs 1, hooves 1, strong nose
}: 2/15 runes: decaying, gossamer
a: End Transformation, Bend Time, Temporal Distortion, Slouch, Step From Time,
Renounce Religion


You were on level 5 of the Pits of Slime.
You worshipped Cheibriados.
Cheibriados was extremely pleased with you.
You were very full.
You were a stone statue.
You visited 6 branches of the dungeon, and saw 34 of its levels.
You also visited: Ice Cave.

You collected 1772 gold pieces.

Inventory:

Hand Weapons
 a - a +2 war axe of flaming (weapon)
   (You took it off an orc on level 12 of the Dungeon)
 Z - a +6 vampiric demon blade
   (You took it off Asterion on level 2 of the Spider Nest)
Missiles
 n - 3 throwing nets {!f}
 q - 133 arrows
 u - 3 tomahawks of returning (quivered)
Armour
 m - the +0 pair of boots of Sin (melded) {rN+ MR- rCorr Str+2}
   (You found it in an ice cave)

   It affects your strength (+2).
   It protects you from negative energy.
   It affects your resistance to hostile enchantments.
   It protects you from acid and corrosion.
 B - the +6 scale mail of Fortitude (melded) {+Inv rC+ Int+3 Dex+2}
   (You found it in an ice cave)

   It affects your intelligence (+3).
   It affects your dexterity (+2).
   It protects you from cold.
   It lets you turn invisible.
 D - a +1 shield (worn)
 E - a +2 helmet
 G - a +0 pair of gloves (melded)
Magical Staves
 w - an uncursed staff of wizardry {!a}
   (You found it on level 12 of the Dungeon)
Jewellery
 j - a ring of ice (left hand)
   (You found it on level 2 of the Dungeon)
 o - an uncursed ring of protection from fire
   (You found it on level 6 of the Lair of Beasts)
 s - a +3 amulet of reflection (around neck)
   (You found it on level 3 of the Spider Nest)
 H - an uncursed ring of flight
   (You found it on level 2 of the Dungeon)
 U - a cursed +5 ring of protection (right hand)
   (You found it on level 4 of the Swamp)
Wands
 d - a wand of digging (13)
 k - a wand of iceblast (24)
 L - a wand of acid (30)
 M - a wand of scattershot (2)
 O - a wand of paralysis (1)
 R - a wand of clouds (2)
 V - a wand of flame (54)
 W - a wand of enslavement (9)
 X - a wand of polymorph (9)
Scrolls
 b - 7 scrolls of fog
 e - 3 scrolls of silence
 i - a scroll of summoning
 l - 5 scrolls of magic mapping
 r - 9 scrolls of remove curse
 t - 14 scrolls of teleportation
 y - 3 scrolls of blinking
 J - a scroll of immolation
 P - 3 scrolls of enchant armour
 T - 2 scrolls of fear
Potions
 p - a potion of mutation {!q}
 v - 2 potions of brilliance
 A - 4 potions of heal wounds
 C - a potion of might
 I - a potion of lignification
 S - 5 potions of flight
 Y - 4 potions of ambrosia
Books
 x - a book of Callings
   (You found it on level 5 of the Pits of Slime)

   Spells                             Type                      Level
   a - Summon Small Mammal            Summoning                    1
   b - Call Imp                       Summoning                    2
   c - Call Canine Familiar           Summoning                    3
   d - Summon Guardian Golem          Hexes/Summoning              3
   e - Summon Lightning Spire         Summoning/Air                4
   f - Summon Ice Beast               Ice/Summoning                4
 z - a book of Geomancy
   (You found it on level 5 of the Pits of Slime)

   Spells                             Type                      Level
   a - Sandblast                      Earth                        1
   b - Passwall                       Transmutation/Earth          2
   c - Stone Arrow                    Conjuration/Earth            3
   d - Petrify                        Transmutation/Earth          4
   e - Lee's Rapid Deconstruction     Earth                        5
Miscellaneous
 F - a lamp of fire
Comestibles
 c - 23 rations


   Skills:
 + Level 11.8 Fighting
 + Level 11.6 Short Blades
 + Level 11.6 Long Blades
 + Level 11.6 Axes
 + Level 11.6 Maces & Flails
 + Level 11.6 Polearms
 + Level 11.6 Staves
 + Level 11.6 Slings
 + Level 11.6 Bows
 + Level 11.6 Crossbows
 + Level 11.6 Throwing
 + Level 11.6 Armour
 + Level 12.3 Dodging
 + Level 11.6 Stealth
 + Level 11.6 Shields
 + Level 13.0 Unarmed Combat
 + Level 12.4 Spellcasting
 + Level 9.9 Conjurations
 + Level 9.9 Hexes
 + Level 9.9 Charms
 + Level 9.9 Summonings
 + Level 9.9 Necromancy
 + Level 9.9 Translocations
 + Level 10.6 Transmutations
 + Level 9.9 Fire Magic
 + Level 9.9 Ice Magic
 + Level 9.9 Air Magic
 + Level 9.9 Earth Magic
 + Level 9.9 Poison Magic
 + Level 12.5 Invocations
 + Level 11.6 Evocations


You had one spell level left.
You knew the following spells:

 Your Spells              Type           Power        Failure   Level  Hunger
a - Sandblast             Erth           ######       1%          1    None
j - Bolt of Draining      Conj/Necr      ######....   1%          5    None
k - Sticks to Snakes      Tmut           #######.     1%          2    None
r - Regeneration          Chrm/Necr      ######....   1%          3    None
s - Statue Form           Tmut/Erth      ######...    7%          6    ####...
v - Borgnjor's Vile Clut  Necr/Erth      ######....   1%          5    None
A - Apportation           Tloc           ######       1%          1    None
D - Lee's Rapid Deconstr  Erth           ######....   1%          5    None
N - Animate Dead          Necr           N/A          1%          4    None
O - Summon Butterflies    Summ           ######..     1%          1    None
P - Fulminant Prism       Conj/Hex       ######....   1%          4    None
Z - Sublimation of Blood  Necr           ######....   1%          2    None


Dungeon Overview and Level Annotations

Branches:
Dungeon (14/15)            Temple (1/1) D:4            Lair (6/6) D:11
  Swamp (4/4) Lair:4       Spider (4/4) Lair:3        Slime (5/5) Lair:5
    Orc (0/2) D:9
 Vaults: D:13-14

Altars:
Ashenzari
Cheibriados
Dithmenos
Elyvilon
Fedhas
Gozag
Hepliaklqana
Kikubaaqudgha
Makhleb
Nemelex Xobeh
Okawaru
Qazlal
Ru
Sif Muna
Trog
Uskayaw
Vehumet
Wu Jian
Xom
Yredelemnul
Zin
The Shining One
Jiyva

Shops:
D:10 =

Portals:
Trove: D:10 (give +5 demon trident)

Annotations:
Lair:4 exclusion: 2 oklob plants
Swamp:4 Mara


Innate Abilities, Weirdness & Mutations

Your experience applies equally to all skills.
You have very sharp teeth.
Your uncanny sense of smell can sniff out nearby items.
You have a pair of small antennae on your head.
You have large cloven feet.


Message History

2 slime creatures come into view.
The slime creature quivers. x2
You hit the large slime creature but do no damage.
The large slime creature is almost dead.
You hit the slime creature but do no damage.
You hit the slime creature. You burn the slime creature.
You slash the slime creature! You burn the slime creature.
The slime creature misses you. The slime creature barely misses you.
Two slime creatures merge to form a large slime creature.
The large slime creature misses you.
Two slime creatures merge to form a large slime creature.
You block the slime creature's attack.
A large slime creature splits.
The slime creature misses you.
A large slime creature splits.
Unknown command.
You slash the slime creature! You burn the slime creature.
You kill the slime creature!
Cheibriados thoroughly appreciates the change of pace.
You hit the slime creature but do no damage.
You barely miss the slime creature. You slash the slime creature!
You burn the slime creature.
You kill the slime creature!
Cheibriados appreciates the change of pace.
You slash the large slime creature! You burn the large slime creature.
Two slime creatures merge to form a very large slime creature.
You block the slime creature's attack. The slime creature misses you.
The large slime creature completely misses you. 2 slime creatures come into view.
You slash the slime creature! You burn the slime creature.
Your bite misses the slime creature.
The slime creature is moderately wounded.
You slash the large slime creature! You burn the large slime creature.
You hit the slime creature. You burn the slime creature.
You hit the slime creature but do no damage.
You block the slime creature's attack.
Two slime creatures merge to form a titanic slime creature.
The slime creature closely misses you. You block the slime creature's attack.
The slime creature completely misses you.
The slime creature hits you but does no damage.
Two slime creatures merge to form a large slime creature.
A slime creature comes into view.
Evoke which item? (* to show all) (? for menu, Esc to quit)
Aiming: Paralyse
Press: ? - help, Shift-Dir - straight line, f - titanic slime creature
Aim: a titanic slime creature (lightly wounded, chance to defeat MR: 66%)
The titanic slime creature suddenly stops moving!
You block the slime creature's attack. The slime creature closely misses you.
Two slime creatures merge to form a very large slime creature.
The slime creature completely misses you.
A slime creature comes into view.
The helpless titanic slime creature fails to defend itself.
You hit the titanic slime creature. You burn the titanic slime creature.
You bite the titanic slime creature, but do no damage.
The titanic slime creature is lightly wounded.
You hit the slime creature. You burn the slime creature.
You slash the very large slime creature!
You burn the very large slime creature. You slash the slime creature!
You burn the slime creature. You block the slime creature's attack.
The very large slime creature hits you!!
* * * LOW HITPOINT WARNING * * *
The slime creature completely misses you.
Two slime creatures merge to form an enormous slime creature.
The slime creature misses you.
A slime creature comes into view.
Unknown command.
You hit the slime creature. You burn the slime creature.
The slime creature is severely wounded.
You slash the enormous slime creature! You burn the enormous slime creature.
You hit the slime creature. You burn the slime creature.
The helpless titanic slime creature fails to defend itself.
You slice the titanic slime creature!! You burn the titanic slime creature.
You block the slime creature's attack.
Two slime creatures merge to form a titanic slime creature.
You block the slime creature's attack.
The slime creature hits you but does no damage.
A slime creature comes into view.
The slime creature quivers.
A slime creature comes into view.
Evoke which item? (* to show all) (? for menu, Esc to quit)
Okay, then.
Okay, then.
Really quaff
p - 2 potions of mutation {!q}?
You feel extremely strange.
You feel clever.
Your thin metallic scales disappear.
Your magical essence is no longer linked to your wands.
Your feet thicken and deform.
A pair of antennae grows on your head!
Your +2 helmet falls away!
The slime creature hits you but does no damage.
Two slime creatures merge to form a large slime creature.
The slime creature hits you.
* * * LOW HITPOINT WARNING * * *
Two slime creatures merge to form a very large slime creature.
A slime creature comes into view.
Unknown command.
Evoke which item? (* to show all) (? for menu, Esc to quit)
Aiming: Paralyse
Press: ? - help, Shift-Dir - straight line, f - titanic slime creature, p - titanic slime creature
Aim: a titanic slime creature (lightly wounded, chance to defeat MR: 58%)
The titanic slime creature resists with significant effort.
The slime creature closely misses you. The titanic slime creature hits you!!!
You die...

#.#####........ ##%#
..##[##.......
##...##.#..(###.....
##%[?##..##)..###....
#[)..$....=[:..###...
#[(|.......![..# #... .
#...)....)...####... ..#
##JJ........####....
....#JJ8.........#......
#.J.J............##...
####..........####....
#)$......}|.(# ....
#((.$........).# ....
#.)φ)$....)....##....
##!)?##..##$..## ...
##$$(##.#$.[## ##$#
..##.##


You could see 2 titanic slime creatures, a very large slime creature and 3 slime
creatures.

Vanquished Creatures
  Asterion (Spider:2)
  17 acid blobs
  A thorn hunter (Swamp:4)
  3 azure jellies
  3 ghost moths (Spider:4)
  5 emperor scorpions (Spider:4)
  Nessos (D:12)
  An entropy weaver (Spider:3)
  A spark wasp (Spider:3)
  A fire dragon (Lair:6)
  Snorg (Lair:3)
  6 death oozes (Slime:5)
  3 great orbs of eyes (Slime:5)
  A ghost crab (Swamp:2)
  A centaur warrior (D:13)
  16 hydras
  2 alligators (Swamp:3)
  2 two-headed ogres
  A death yak (Lair:4)
  2 unseen horrors (D:13)
  11 swamp dragons
  A harpy (shapeshifter) (D:13)
  2 shambling mangroves
  A necromancer (IceCv)
  10 orb spiders
  15 wolf spiders
  A lindwurm (Lair:6)
  A deep elf mage (D:13)
  2 shining eyes (Slime:5)
  A cyclops (D:13)
  7 elephants (Lair:2)
  An ugly thing (D:13)
  4 black mambas
  2 ice statues (IceCv)
  2 centaur zombies
  5 torpor snails
  2 eyes of devastation (Slime:4)
  A gargoyle (D:13)
  16 spiny frogs
  9 komodo dragons
  5 demonic crawlers
  9 ice devils (IceCv)
  8 polar bears (Lair:6)
  2 trolls
  17 jumping spiders
  A queen bee (Lair:2)
  13 hornets
  44 slime creatures
  A raiju (Lair:6)
  17 blink frogs
  8 hippogriffs
  7 tyrant leeches
  5 bog bodies
  3 spriggans
  3 wyverns
  11 tarantellas
  Sigmund (D:4)
  3 shadows (Swamp:2)
  44 redbacks
  A wraith (D:12)
  Eustachio (D:5)
  A golden eye (Slime:5)
  19 yaks
  4 basilisks (Lair:2)
  A steam dragon (Lair:2)
  7 vampire mosquitoes
  Grum (Lair:1)
  A hungry ghost (D:13)
  5 wargs (Lair:6)
  Menkaure (D:6)
  6 swamp worms
  13 hell hounds (Lair:6)
  13 water moccasins
  A soldier ant (D:11)
  Duvessa (D:4)
  5 porcupines
  An orc warrior (D:9)
  6 sky beasts
  13 black bears
  2 ice beasts
  12 swamp drakes
  An eye of draining (Slime:5)
  7 ogres
  16 wolves
  12 crocodiles
  2 centaurs
  11 bullfrogs
  A wyvern zombie (D:12)
  5 scorpions
  3 wights (D:13)
  27 killer bees
  4 howler monkeys
  6 crimson imps
  A bullfrog zombie (D:11)
  A draconian simulacrum (IceCv)
  3 bullfrog skeletons
  2 orc wizards
  A quasit (D:13)
  7 orc priests
  3 centaur skeletons
  3 hounds
  2 jellies
  2 iguanas
  3 worker ants
  A hound skeleton (D:6)
  4 gnolls (D:5)
  11 adders
  7 naga simulacra (IceCv)
  2 ogre simulacra (IceCv)
  5 shadow imps
  An adder skeleton (D:5)
  3 worms
  A dart slug (D:3)
  29 orcs
  5 giant cockroaches
  4 hobgoblins
  8 jackals
  A ball python (D:1)
  3 bats
  2 frilled lizards (D:4)
  5 goblins
  5 kobolds
  9 rats
  2 fungi
  6 plants
717 creatures vanquished.

Vanquished Creatures (collateral kills)
  the Royal Jelly (Slime:5)
  An emperor scorpion (Spider:4)
  A hydra (Lair:6)
  An anaconda (Lair:6)
  A spriggan druid (Swamp:2)
  2 swamp dragons (Swamp:3)
  2 shining eyes (Slime:3)
  5 orb spiders
  6 wolf spiders
  A torpor snail (Spider:1)
  A rime drake (Swamp:4)
  A demonic crawler (Spider:3)
  6 jumping spiders
  A polar bear (Lair:6)
  A blink frog (Lair:1)
  3 bog bodies
  3 tarantellas
  10 redbacks
  2 yaks (Lair:3)
  A vampire mosquito (Swamp:3)
  3 swamp worms
  A warg (Lair:6)
  A hell hound (Lair:6)
  2 swamp drakes (Swamp:3)
  An orc warrior (D:12)
  An eye of draining (Slime:5)
  2 wolves (Lair:6)
  Dowan (D:4)
  A wight (D:13)
  A killer bee (Lair:2)
  A hound (D:4)
  An iguana (D:5)
  A worker ant (D:5)
  An adder skeleton (D:5)
  A worm (D:2)
  6 orcs
  3 jackals (D:4)
  A fungus (Lair:3)
79 creatures vanquished.

Vanquished Creatures (others)
  A rime drake (Swamp:4)
  A fulminant prism (Lair:2)
  6 fungi
  28 plants
36 creatures vanquished.

Grand Total: 832 creatures vanquished

Notes
Turn   | Place    | Note
-------+----------+-------------------------------------------
     0 | D:1      | tidbits the Gnoll Transmuter began the quest for the Orb.
     0 | D:1      | Reached XP level 1. HP: 17/17 MP: 6/6
    64 | D:1      | Reached XP level 2. HP: 20/23 MP: 7/7
    71 | D:1      | Learned a level 2 spell: Sticks to Snakes
   217 | D:2      | Reached XP level 3. HP: 28/28 MP: 3/9
   222 | D:2      | Learned a level 3 spell: Spider Form
   241 | D:3      | Reached skill level 5 in Spellcasting
   324 | D:4      | Noticed an ogre
   336 | D:4      | Killed an ogre
   336 | D:4      | Reached skill level 1 in Short Blades
   336 | D:4      | Reached skill level 1 in Long Blades
   336 | D:4      | Reached skill level 1 in Axes
   336 | D:4      | Reached skill level 1 in Maces & Flails
   336 | D:4      | Reached skill level 1 in Polearms
   336 | D:4      | Reached skill level 1 in Staves
   336 | D:4      | Reached skill level 1 in Slings
   336 | D:4      | Reached skill level 1 in Bows
   336 | D:4      | Reached skill level 1 in Crossbows
   336 | D:4      | Reached skill level 1 in Throwing
   336 | D:4      | Reached skill level 1 in Armour
   336 | D:4      | Reached skill level 1 in Stealth
   336 | D:4      | Reached skill level 1 in Shields
   336 | D:4      | Reached skill level 1 in Conjurations
   336 | D:4      | Reached skill level 1 in Hexes
   336 | D:4      | Reached skill level 1 in Charms
   336 | D:4      | Reached skill level 1 in Summonings
   336 | D:4      | Reached skill level 1 in Necromancy
   336 | D:4      | Reached skill level 1 in Translocations
   336 | D:4      | Reached skill level 1 in Fire Magic
   336 | D:4      | Reached skill level 1 in Ice Magic
   336 | D:4      | Reached skill level 1 in Air Magic
   336 | D:4      | Reached skill level 1 in Earth Magic
   336 | D:4      | Reached skill level 1 in Poison Magic
   336 | D:4      | Reached skill level 1 in Invocations
   336 | D:4      | Reached skill level 1 in Evocations
   336 | D:4      | Reached XP level 4. HP: 34/34 MP: 2/11
   336 | D:4      | Reached XP level 5. HP: 40/40 MP: 2/12
   428 | D:4      | Found a staircase to the Ecumenical Temple.
   439 | Temple   | Entered the Ecumenical Temple
   474 | Temple   | Became a worshipper of Cheibriados the Contemplative
   499 | Temple   | Learned a level 4 spell: Ice Form
   518 | D:4      | Noticed an ogre
   519 | D:4      | Noticed an ogre
   533 | D:4      | Killed an ogre
   533 | D:4      | Reached skill level 3 in Fighting
   533 | D:4      | Reached skill level 4 in Transmutations
   540 | D:4      | Killed an ogre
   540 | D:4      | Reached skill level 2 in Invocations
   540 | D:4      | Reached XP level 6. HP: 41/47 MP: 6/13
   546 | D:5      | Entered Level 5 of the Dungeon
   600 | D:4      | Reached skill level 2 in Short Blades
   600 | D:4      | Reached skill level 2 in Long Blades
   600 | D:4      | Reached skill level 2 in Axes
   600 | D:4      | Reached skill level 2 in Maces & Flails
   600 | D:4      | Reached skill level 2 in Polearms
   600 | D:4      | Reached skill level 2 in Staves
   600 | D:4      | Reached skill level 2 in Slings
   600 | D:4      | Reached skill level 2 in Bows
   600 | D:4      | Reached skill level 2 in Crossbows
   600 | D:4      | Reached skill level 2 in Throwing
   600 | D:4      | Reached skill level 2 in Armour
   600 | D:4      | Reached skill level 5 in Dodging
   600 | D:4      | Reached skill level 2 in Stealth
   600 | D:4      | Reached skill level 2 in Shields
   600 | D:4      | Reached skill level 2 in Evocations
   643 | D:5      | Noticed Eustachio
   654 | D:5      | Killed Eustachio
   654 | D:5      | Reached skill level 7 in Unarmed Combat
   654 | D:5      | Reached XP level 7. HP: 26/52 MP: 6/15
   681 | D:4      | Learned a level 5 spell: Blade Hands
   696 | D:4      | Noticed Sigmund
   809 | D:3      | Reached * piety under Cheibriados
   898 | D:3      | Reached skill level 2 in Conjurations
   898 | D:3      | Reached skill level 2 in Hexes
   898 | D:3      | Reached skill level 2 in Charms
   898 | D:3      | Reached skill level 2 in Summonings
   898 | D:3      | Reached skill level 2 in Necromancy
   898 | D:3      | Reached skill level 2 in Translocations
   898 | D:3      | Reached skill level 2 in Fire Magic
   898 | D:3      | Reached skill level 2 in Ice Magic
   898 | D:3      | Reached skill level 2 in Air Magic
   898 | D:3      | Reached skill level 2 in Earth Magic
   898 | D:3      | Reached skill level 2 in Poison Magic
  1054 | D:2      | Reached ** piety under Cheibriados
  1068 | D:2      | Found a glowing silver altar of Zin.
  1170 | D:4      | Killed Sigmund
  1170 | D:4      | Reached skill level 3 in Invocations
  1224 | D:4      | Noticed Dowan
  1228 | D:4      | Noticed Duvessa
  1233 | D:4      | Killed Duvessa
  1233 | D:4      | Reached XP level 8. HP: 60/60 MP: 7/16
  1246 | D:4      | Killed Dowan
  1246 | D:4      | Reached skill level 4 in Fighting
  1254 | D:4      | Got a crude short sword
  1262 | D:4      | Identified the cursed +1 short sword of Balance {antimagic, rC- rN+++ Str+6} (You found it on level 4 of the Dungeon)
  1305 | D:5      | Reached skill level 3 in Short Blades
  1305 | D:5      | Reached skill level 3 in Long Blades
  1305 | D:5      | Reached skill level 3 in Axes
  1305 | D:5      | Reached skill level 3 in Maces & Flails
  1305 | D:5      | Reached skill level 3 in Polearms
  1305 | D:5      | Reached skill level 3 in Staves
  1305 | D:5      | Reached skill level 3 in Slings
  1305 | D:5      | Reached skill level 3 in Bows
  1305 | D:5      | Reached skill level 3 in Crossbows
  1305 | D:5      | Reached skill level 3 in Throwing
  1305 | D:5      | Reached skill level 3 in Armour
  1305 | D:5      | Reached skill level 3 in Stealth
  1305 | D:5      | Reached skill level 3 in Shields
  1305 | D:5      | Reached skill level 3 in Evocations
  1349 | D:5      | Reached skill level 6 in Spellcasting
  1451 | D:5      | Reached *** piety under Cheibriados
  1590 | D:6      | Reached skill level 3 in Conjurations
  1590 | D:6      | Reached skill level 3 in Hexes
  1590 | D:6      | Reached skill level 3 in Charms
  1590 | D:6      | Reached skill level 3 in Summonings
  1590 | D:6      | Reached skill level 3 in Necromancy
  1590 | D:6      | Reached skill level 3 in Translocations
  1590 | D:6      | Reached skill level 3 in Fire Magic
  1590 | D:6      | Reached skill level 3 in Ice Magic
  1590 | D:6      | Reached skill level 3 in Air Magic
  1590 | D:6      | Reached skill level 3 in Earth Magic
  1590 | D:6      | Reached skill level 3 in Poison Magic
  1590 | D:6      | Reached skill level 4 in Invocations
  1615 | D:6      | Noticed Menkaure
  1623 | D:6      | Reached skill level 6 in Dodging
  1623 | D:6      | Reached XP level 9. HP: 48/66 MP: 15/18
  1637 | D:6      | Killed Menkaure
  1637 | D:6      | Reached skill level 5 in Transmutations
  1700 | D:6      | Reached skill level 4 in Short Blades
  1700 | D:6      | Reached skill level 4 in Long Blades
  1700 | D:6      | Reached skill level 4 in Axes
  1700 | D:6      | Reached skill level 4 in Maces & Flails
  1700 | D:6      | Reached skill level 4 in Polearms
  1700 | D:6      | Reached skill level 4 in Staves
  1700 | D:6      | Reached skill level 4 in Slings
  1700 | D:6      | Reached skill level 4 in Bows
  1700 | D:6      | Reached skill level 4 in Crossbows
  1700 | D:6      | Reached skill level 4 in Throwing
  1700 | D:6      | Reached skill level 4 in Armour
  1700 | D:6      | Reached skill level 4 in Stealth
  1700 | D:6      | Reached skill level 4 in Shields
  1700 | D:6      | Reached skill level 4 in Evocations
  1917 | D:9      | Noticed a two-headed ogre
  1934 | D:9      | Reached skill level 5 in Fighting
  1939 | D:9      | Reached **** piety under Cheibriados
  1991 | D:9      | Found a staircase to the Orcish Mines.
  2031 | D:9      | Reached skill level 8 in Unarmed Combat
  2106 | D:9      | Reached skill level 5 in Invocations
  2153 | D:10     | Entered Level 10 of the Dungeon
  2163 | D:9      | Reached XP level 10. HP: 46/74 MP: 12/20
  2165 | D:9      | Reached skill level 7 in Spellcasting
  2169 | D:9      | Reached skill level 4 in Conjurations
  2169 | D:9      | Reached skill level 4 in Hexes
  2169 | D:9      | Reached skill level 4 in Charms
  2169 | D:9      | Reached skill level 4 in Summonings
  2169 | D:9      | Reached skill level 4 in Necromancy
  2169 | D:9      | Reached skill level 4 in Translocations
  2169 | D:9      | Reached skill level 4 in Fire Magic
  2169 | D:9      | Reached skill level 4 in Ice Magic
  2169 | D:9      | Reached skill level 4 in Air Magic
  2169 | D:9      | Reached skill level 4 in Earth Magic
  2169 | D:9      | Reached skill level 4 in Poison Magic
  2225 | D:9      | Found a shadowy altar of Dithmenos.
  2247 | D:9      | Killed a two-headed ogre
  2247 | D:9      | Reached skill level 5 in Short Blades
  2247 | D:9      | Reached skill level 5 in Long Blades
  2247 | D:9      | Reached skill level 5 in Axes
  2247 | D:9      | Reached skill level 5 in Maces & Flails
  2247 | D:9      | Reached skill level 5 in Polearms
  2247 | D:9      | Reached skill level 5 in Staves
  2247 | D:9      | Reached skill level 5 in Slings
  2247 | D:9      | Reached skill level 5 in Bows
  2247 | D:9      | Reached skill level 5 in Crossbows
  2247 | D:9      | Reached skill level 5 in Throwing
  2247 | D:9      | Reached skill level 5 in Armour
  2247 | D:9      | Reached skill level 5 in Stealth
  2247 | D:9      | Reached skill level 5 in Shields
  2247 | D:9      | Reached skill level 5 in Evocations
  2318 | D:8      | Reached skill level 7 in Dodging
  2385 | D:10     | Found a portal to a secret trove of treasure.
  2473 | D:10     | Reached ***** piety under Cheibriados
  2473 | D:10     | Reached skill level 6 in Fighting
  2525 | D:10     | Found Piarroax's Jewellery Emporium.
  2647 | D:11     | Reached skill level 6 in Transmutations
  2647 | D:11     | Reached skill level 6 in Invocations
  2832 | D:13     | Noticed a two-headed ogre
  2838 | D:13     | Killed a two-headed ogre
  2838 | D:13     | Reached XP level 11. HP: 83/83 MP: 16/22
  2852 | D:13     | Noticed a harpy
  2858 | D:13     | Killed a harpy
  2866 | D:13     | Reached skill level 9 in Unarmed Combat
  2875 | D:13     | Noticed a cyclops
  2898 | D:13     | Killed a cyclops
  2898 | D:13     | Reached skill level 6 in Short Blades
  2898 | D:13     | Reached skill level 6 in Long Blades
  2898 | D:13     | Reached skill level 6 in Axes
  2898 | D:13     | Reached skill level 6 in Maces & Flails
  2898 | D:13     | Reached skill level 6 in Polearms
  2898 | D:13     | Reached skill level 6 in Staves
  2898 | D:13     | Reached skill level 6 in Slings
  2898 | D:13     | Reached skill level 6 in Bows
  2898 | D:13     | Reached skill level 6 in Crossbows
  2898 | D:13     | Reached skill level 6 in Throwing
  2898 | D:13     | Reached skill level 6 in Armour
  2898 | D:13     | Reached skill level 6 in Stealth
  2898 | D:13     | Reached skill level 6 in Shields
  2898 | D:13     | Reached skill level 5 in Conjurations
  2898 | D:13     | Reached skill level 5 in Hexes
  2898 | D:13     | Reached skill level 5 in Charms
  2898 | D:13     | Reached skill level 5 in Summonings
  2898 | D:13     | Reached skill level 5 in Necromancy
  2898 | D:13     | Reached skill level 5 in Translocations
  2898 | D:13     | Reached skill level 5 in Fire Magic
  2898 | D:13     | Reached skill level 5 in Ice Magic
  2898 | D:13     | Reached skill level 5 in Air Magic
  2898 | D:13     | Reached skill level 5 in Earth Magic
  2898 | D:13     | Reached skill level 5 in Poison Magic
  2898 | D:13     | Reached skill level 6 in Evocations
  2902 | D:13     | Noticed a deep elf mage
  2905 | D:13     | Noticed a centaur warrior
  2906 | D:13     | Killed a deep elf mage
  2906 | D:13     | Reached skill level 8 in Spellcasting
  2911 | D:13     | Killed a centaur warrior
  3050 | D:13     | Killed an unseen horror
  3087 | D:12     | Noticed Nessos
  3103 | D:12     | Killed Nessos
  3103 | D:12     | Reached skill level 7 in Fighting
  3103 | D:12     | Reached skill level 8 in Dodging
  3103 | D:12     | Reached skill level 7 in Invocations
  3175 | D:13     | Found a frozen archway.
  3190 | IceCv    | Entered an ice cave
  3239 | IceCv    | HP: 5/84 [something (8)]
  3257 | IceCv    | Learned a level 3 spell: Inner Flame
  3346 | IceCv    | Noticed a necromancer
  3350 | IceCv    | Killed a necromancer
  3350 | IceCv    | Reached XP level 12. HP: 91/91 MP: 24/24
  3352 | IceCv    | Got a pair of warped boots
  3363 | IceCv    | Identified the +0 pair of boots of Sin {rN+ MR- rCorr Str+2} (You found it in an ice cave)
  3380 | IceCv    | Identified the +6 scale mail of Fortitude {+Inv rC+ Int+3 Dex+2} (You found it in an ice cave)
  3385 | IceCv    | Got a polished trident
  3386 | IceCv    | Identified the +3 trident of Circularity {antimagic, rElec rPois Str-5 SInv} (You found it in an ice cave)
  3495 | IceCv    | Reached skill level 7 in Transmutations
  3545 | D:13     | Upgraded the game from 0.21.1 to 0.21.1-1-g345015f
  3606 | D:13     | Reached skill level 7 in Short Blades
  3606 | D:13     | Reached skill level 7 in Long Blades
  3606 | D:13     | Reached skill level 7 in Axes
  3606 | D:13     | Reached skill level 7 in Maces & Flails
  3606 | D:13     | Reached skill level 7 in Polearms
  3606 | D:13     | Reached skill level 7 in Staves
  3606 | D:13     | Reached skill level 7 in Slings
  3606 | D:13     | Reached skill level 7 in Bows
  3606 | D:13     | Reached skill level 7 in Crossbows
  3606 | D:13     | Reached skill level 7 in Throwing
  3606 | D:13     | Reached skill level 7 in Armour
  3606 | D:13     | Reached skill level 7 in Stealth
  3606 | D:13     | Reached skill level 7 in Shields
  3606 | D:13     | Reached skill level 7 in Evocations
  3813 | D:12     | Reached ****** piety under Cheibriados
  3831 | D:12     | Reached skill level 6 in Conjurations
  3831 | D:12     | Reached skill level 6 in Hexes
  3831 | D:12     | Reached skill level 6 in Charms
  3831 | D:12     | Reached skill level 6 in Summonings
  3831 | D:12     | Reached skill level 6 in Necromancy
  3831 | D:12     | Reached skill level 6 in Translocations
  3831 | D:12     | Reached skill level 6 in Fire Magic
  3831 | D:12     | Reached skill level 6 in Ice Magic
  3831 | D:12     | Reached skill level 6 in Air Magic
  3831 | D:12     | Reached skill level 6 in Earth Magic
  3831 | D:12     | Reached skill level 6 in Poison Magic
  3862 | D:12     | Reached skill level 8 in Invocations
  3880 | D:11     | Found a staircase to the Lair.
  3889 | Lair:1   | Entered Level 1 of the Lair of Beasts
  3902 | Lair:1   | Reached skill level 9 in Spellcasting
  4117 | Lair:1   | Noticed Grum
  4122 | Lair:1   | Reached skill level 8 in Fighting
  4122 | Lair:1   | Reached skill level 10 in Unarmed Combat
  4128 | Lair:1   | Killed Grum
  4196 | Lair:2   | Reached skill level 9 in Dodging
  4219 | Lair:2   | Reached XP level 13. HP: 30/98 MP: 22/26
  4303 | Lair:2   | Learned a level 4 spell: Fulminant Prism
  4486 | Lair:2   | Reached skill level 8 in Short Blades
  4486 | Lair:2   | Reached skill level 8 in Long Blades
  4486 | Lair:2   | Reached skill level 8 in Axes
  4486 | Lair:2   | Reached skill level 8 in Maces & Flails
  4486 | Lair:2   | Reached skill level 8 in Polearms
  4486 | Lair:2   | Reached skill level 8 in Staves
  4486 | Lair:2   | Reached skill level 8 in Slings
  4486 | Lair:2   | Reached skill level 8 in Bows
  4486 | Lair:2   | Reached skill level 8 in Crossbows
  4486 | Lair:2   | Reached skill level 8 in Throwing
  4486 | Lair:2   | Reached skill level 8 in Armour
  4486 | Lair:2   | Reached skill level 8 in Stealth
  4486 | Lair:2   | Reached skill level 8 in Shields
  4486 | Lair:2   | Reached skill level 8 in Evocations
  4727 | Lair:3   | Got a scorched ring mail
  4758 | Lair:4   | Reached skill level 9 in Invocations
  4816 | Lair:6   | Entered Level 6 of the Lair of Beasts
  4921 | Lair:3   | Noticed Snorg
  4933 | Lair:3   | Killed Snorg
  4933 | Lair:3   | Reached skill level 8 in Transmutations
  5004 | Lair:3   | Found a hole to the Spider Nest.
  5027 | Lair:3   | Identified the +2 ring mail of Beogh's Approval {Dex+6} (You found it on level 3 of the Lair of Beasts)
  5038 | Spider:1 | Entered Level 1 of the Spider Nest
  5056 | Spider:1 | Reached skill level 7 in Conjurations
  5056 | Spider:1 | Reached skill level 7 in Hexes
  5056 | Spider:1 | Reached skill level 7 in Charms
  5056 | Spider:1 | Reached skill level 7 in Summonings
  5056 | Spider:1 | Reached skill level 7 in Necromancy
  5056 | Spider:1 | Reached skill level 7 in Translocations
  5056 | Spider:1 | Reached skill level 7 in Fire Magic
  5056 | Spider:1 | Reached skill level 7 in Ice Magic
  5056 | Spider:1 | Reached skill level 7 in Air Magic
  5056 | Spider:1 | Reached skill level 7 in Earth Magic
  5056 | Spider:1 | Reached skill level 7 in Poison Magic
  5125 | Spider:1 | Learned a level 5 spell: Borgnjor's Vile Clutch
  5141 | Spider:1 | Learned a level 3 spell: Regeneration
  5146 | Spider:1 | Learned a level 4 spell: Animate Dead
  5205 | Spider:1 | Reached skill level 9 in Fighting
  5287 | Spider:2 | Noticed Asterion
  5295 | Spider:2 | Reached skill level 10 in Spellcasting
  5295 | Spider:2 | Noticed a cacodemon
  5298 | Spider:2 | Killed Asterion
  5298 | Spider:2 | Reached XP level 14. HP: 87/108 MP: 11/28
  5305 | Spider:2 | Learned a level 1 spell: Animate Skeleton
  5426 | Spider:3 | Reached skill level 10 in Dodging
  5503 | Spider:3 | Reached skill level 11 in Unarmed Combat
  5519 | Spider:3 | Reached skill level 9 in Short Blades
  5519 | Spider:3 | Reached skill level 9 in Long Blades
  5519 | Spider:3 | Reached skill level 9 in Axes
  5519 | Spider:3 | Reached skill level 9 in Maces & Flails
  5519 | Spider:3 | Reached skill level 9 in Polearms
  5519 | Spider:3 | Reached skill level 9 in Staves
  5519 | Spider:3 | Reached skill level 9 in Slings
  5519 | Spider:3 | Reached skill level 9 in Bows
  5519 | Spider:3 | Reached skill level 9 in Crossbows
  5519 | Spider:3 | Reached skill level 9 in Throwing
  5519 | Spider:3 | Reached skill level 9 in Armour
  5519 | Spider:3 | Reached skill level 9 in Stealth
  5519 | Spider:3 | Reached skill level 9 in Shields
  5519 | Spider:3 | Reached skill level 9 in Evocations
  5588 | Spider:3 | Noticed an entropy weaver
  5712 | Spider:3 | Killed an entropy weaver
  5732 | Spider:3 | Reached skill level 10 in Invocations
  5778 | Spider:4 | Entered Level 4 of the Spider Nest
  5859 | Spider:4 | Noticed an emperor scorpion
  5879 | Spider:4 | Killed an emperor scorpion
  5913 | Spider:4 | Noticed an emperor scorpion
  5983 | Spider:4 | Reached skill level 8 in Conjurations
  5983 | Spider:4 | Reached skill level 8 in Hexes
  5983 | Spider:4 | Reached skill level 8 in Charms
  5983 | Spider:4 | Reached skill level 8 in Summonings
  5983 | Spider:4 | Reached skill level 8 in Necromancy
  5983 | Spider:4 | Reached skill level 8 in Translocations
  5983 | Spider:4 | Reached skill level 8 in Fire Magic
  5983 | Spider:4 | Reached skill level 8 in Ice Magic
  5983 | Spider:4 | Reached skill level 8 in Air Magic
  5983 | Spider:4 | Reached skill level 8 in Earth Magic
  5983 | Spider:4 | Reached skill level 8 in Poison Magic
  6001 | Spider:3 | Reached XP level 15. HP: 115/115 MP: 0/29
  6015 | Spider:3 | Got a transparent scimitar
  6054 | Spider:4 | Learned a level 1 spell: Apportation
  6075 | Spider:4 | Reached skill level 9 in Transmutations
  6078 | Spider:4 | Killed an emperor scorpion
  6078 | Spider:4 | Reached skill level 10 in Fighting
  6117 | Spider:4 | Killed a ghost moth
  6125 | Spider:4 | Noticed an emperor scorpion
  6136 | Spider:4 | Killed an emperor scorpion
  6139 | Spider:4 | Noticed an emperor scorpion
  6147 | Spider:4 | Killed an emperor scorpion
  6177 | Spider:4 | Killed a ghost moth
  6190 | Spider:4 | Killed a ghost moth
  6194 | Spider:4 | Noticed an emperor scorpion
  6218 | Spider:4 | Got a gossamer rune of Zot
  6247 | Spider:4 | Killed an emperor scorpion
  6281 | Spider:4 | Noticed an emperor scorpion
  6290 | Spider:4 | Killed an emperor scorpion
  6290 | Spider:4 | Reached skill level 11 in Spellcasting
  6632 | Lair:3   | Reached skill level 10 in Short Blades
  6632 | Lair:3   | Reached skill level 10 in Long Blades
  6632 | Lair:3   | Reached skill level 10 in Axes
  6632 | Lair:3   | Reached skill level 10 in Maces & Flails
  6632 | Lair:3   | Reached skill level 10 in Polearms
  6632 | Lair:3   | Reached skill level 10 in Staves
  6632 | Lair:3   | Reached skill level 10 in Slings
  6632 | Lair:3   | Reached skill level 10 in Bows
  6632 | Lair:3   | Reached skill level 10 in Crossbows
  6632 | Lair:3   | Reached skill level 10 in Throwing
  6632 | Lair:3   | Reached skill level 10 in Armour
  6632 | Lair:3   | Reached skill level 10 in Stealth
  6632 | Lair:3   | Reached skill level 10 in Shields
  6632 | Lair:3   | Reached skill level 10 in Evocations
  6671 | Lair:4   | Found a staircase to the Swamp.
  6673 | Lair:4   | Identified the +2 scimitar "Orasad" {vamp, SInv} (You found it on level 3 of the Spider Nest)
  6687 | Swamp:1  | Entered Level 1 of the Swamp
  6705 | Swamp:1  | Got a twisted ring mail
  6734 | Swamp:1  | Reached skill level 11 in Dodging
  6737 | Swamp:1  | Identified the +1 ring mail "Fysipru" {rPois} (You found it on level 1 of the Swamp)
  6823 | Swamp:2  | Learned a level 6 spell: Statue Form
  6872 | Swamp:2  | HP: 6/117 [ghost crab] (13)]
  6873 | Swamp:2  | HP: 2/117 [spectral tyrant leech[a ghost crab] (15)]
  6877 | Swamp:2  | Reached skill level 11 in Invocations
  6884 | Swamp:2  | HP: 1/152 [ghost crab] (13)]
  7058 | Swamp:4  | Entered Level 4 of the Swamp
  7061 | Swamp:4  | Noticed a thorn hunter
  7063 | Swamp:4  | Noticed Mara
  7138 | Swamp:3  | Reached skill level 12 in Unarmed Combat
  7168 | Swamp:4  | Reached XP level 16. HP: 124/124 MP: 5/31
  7226 | Swamp:4  | Noticed a thorn hunter
  7239 | Swamp:4  | Killed a thorn hunter
  7286 | Swamp:4  | Reached skill level 9 in Conjurations
  7286 | Swamp:4  | Reached skill level 9 in Hexes
  7286 | Swamp:4  | Reached skill level 9 in Charms
  7286 | Swamp:4  | Reached skill level 9 in Summonings
  7286 | Swamp:4  | Reached skill level 9 in Necromancy
  7286 | Swamp:4  | Reached skill level 9 in Translocations
  7286 | Swamp:4  | Reached skill level 9 in Fire Magic
  7286 | Swamp:4  | Reached skill level 9 in Ice Magic
  7286 | Swamp:4  | Reached skill level 9 in Air Magic
  7286 | Swamp:4  | Reached skill level 9 in Earth Magic
  7286 | Swamp:4  | Reached skill level 9 in Poison Magic
  7318 | Swamp:4  | Got a decaying rune of Zot
  7611 | Lair:6   | Reached skill level 11 in Fighting
  7686 | Lair:6   | Gained mutation: You expend magic power (3 MP) to strengthen your wands. [potion of mutation]
  7686 | Lair:6   | Gained mutation: You are partially covered in thin metallic scales. (AC +2) [potion of mutation]
  7719 | Lair:6   | Learned a level 1 spell: Summon Butterflies
  7818 | Lair:6   | Reached skill level 10 in Transmutations
  7980 | Lair:6   | Found a runed door.
  8206 | Lair:5   | Reached skill level 11 in Short Blades
  8206 | Lair:5   | Reached skill level 11 in Long Blades
  8206 | Lair:5   | Reached skill level 11 in Axes
  8206 | Lair:5   | Reached skill level 11 in Maces & Flails
  8206 | Lair:5   | Reached skill level 11 in Polearms
  8206 | Lair:5   | Reached skill level 11 in Staves
  8206 | Lair:5   | Reached skill level 11 in Slings
  8206 | Lair:5   | Reached skill level 11 in Bows
  8206 | Lair:5   | Reached skill level 11 in Crossbows
  8206 | Lair:5   | Reached skill level 11 in Throwing
  8206 | Lair:5   | Reached skill level 11 in Armour
  8206 | Lair:5   | Reached skill level 11 in Stealth
  8206 | Lair:5   | Reached skill level 11 in Shields
  8206 | Lair:5   | Reached skill level 11 in Evocations
  8218 | Lair:5   | Found a staircase to the Slime Pits.
  8230 | Lair:5   | Learned a level 5 spell: Bolt of Draining
  8261 | Lair:5   | Learned a level 2 spell: Sublimation of Blood
  8264 | Slime:1  | Entered Level 1 of the Pits of Slime
  8264 | Slime:1  | Noticed an azure jelly
  8276 | Slime:1  | Killed an azure jelly
  8284 | Slime:1  | Reached skill level 12 in Spellcasting
  8299 | Slime:1  | Noticed an acid blob
  8302 | Slime:2  | Noticed an acid blob
  8307 | Slime:2  | Noticed an acid blob
  8318 | Slime:2  | Killed an acid blob
  8318 | Slime:2  | Reached XP level 17. HP: 84/131 MP: 33/33
  8320 | Slime:2  | Killed an acid blob
  8320 | Slime:2  | Reached skill level 12 in Invocations
  8354 | Slime:3  | Noticed an acid blob
  8363 | Slime:3  | Killed an acid blob
  8382 | Slime:4  | Noticed an acid blob
  8389 | Slime:4  | Noticed an acid blob
  8391 | Slime:4  | Killed an acid blob
  8395 | Slime:4  | Killed an acid blob
  8395 | Slime:4  | Reached skill level 12 in Dodging
  8458 | Slime:5  | Entered Level 5 of the Pits of Slime
  8464 | Slime:5  | Noticed an acid blob
  8475 | Slime:5  | Killed an acid blob
  8518 | Slime:5  | Noticed an acid blob
  8520 | Slime:5  | Noticed the Royal Jelly
  8526 | Slime:5  | Killed an acid blob
  8527 | Slime:5  | Noticed an acid blob
  8527 | Slime:5  | Noticed an acid blob
  8533 | Slime:5  | Noticed an acid blob
  8533 | Slime:5  | Found a viscous altar of Jiyva.
  8540 | Slime:5  | Killed an acid blob
  8544 | Slime:5  | Killed an acid blob
  8550 | Slime:5  | Killed an acid blob
  8551 | Slime:5  | Noticed an acid blob
  8553 | Slime:5  | Noticed an acid blob
  8554 | Slime:5  | Noticed an acid blob
  8554 | Slime:5  | Killed an acid blob
  8555 | Slime:5  | Killed the Royal Jelly
  8556 | Slime:5  | Noticed an acid blob
  8556 | Slime:5  | Noticed an acid blob
  8563 | Slime:5  | Killed an acid blob
  8563 | Slime:5  | Killed an acid blob
  8563 | Slime:5  | Killed an acid blob
  8563 | Slime:5  | Gained mutation: You are dopey. (Int -2) [a shining eye]
  8565 | Slime:5  | Killed an acid blob
  8575 | Slime:5  | Reached skill level 13 in Unarmed Combat
  8628 | Slime:5  | Learned a level 5 spell: Lee's Rapid Deconstruction
  8630 | Slime:5  | Learned a level 1 spell: Sandblast
  8665 | Slime:5  | Noticed an acid blob
  8669 | Slime:5  | Killed an acid blob
  8679 | Slime:5  | Noticed an acid blob
  8682 | Slime:5  | Killed an acid blob
  8697 | Slime:5  | Lost mutation: You are dopey. (Int -2) [potion of mutation]
  8697 | Slime:5  | Lost mutation: You are partially covered in thin metallic scales. (AC +2) [potion of mutation]
  8697 | Slime:5  | Lost mutation: You expend magic power (3 MP) to strengthen your wands. [potion of mutation]
  8697 | Slime:5  | Gained mutation: You have large cloven feet. [potion of mutation]
  8697 | Slime:5  | Gained mutation: You have a pair of small antennae on your head. [potion of mutation]
  8698 | Slime:5  | Mangled by a titanic slime creature

Skill      XL: |  1  2  3  4  5  6  7  8  9 10 11 12 13 14 15 16 17 |
---------------+----------------------------------------------------+-----
Spellcasting   | 5 6 7 8 9 10 11 12 | 12.4
Short Blades   | 1 2 3 4 5 6 7 8 9 10 11 | 11.6
Long Blades    | 1 2 3 4 5 6 7 8 9 10 11 | 11.6
Axes           | 1 2 3 4 5 6 7 8 9 10 11 | 11.6
Maces & Flails | 1 2 3 4 5 6 7 8 9 10 11 | 11.6
Polearms       | 1 2 3 4 5 6 7 8 9 10 11 | 11.6
Staves         | 1 2 3 4 5 6 7 8 9 10 11 | 11.6
Slings         | 1 2 3 4 5 6 7 8 9 10 11 | 11.6
Bows           | 1 2 3 4 5 6 7 8 9 10 11 | 11.6
Crossbows      | 1 2 3 4 5 6 7 8 9 10 11 | 11.6
Throwing       | 1 2 3 4 5 6 7 8 9 10 11 | 11.6
Armour         | 1 2 3 4 5 6 7 8 9 10 11 | 11.6
Stealth        | 1 2 3 4 5 6 7 8 9 10 11 | 11.6
Shields        | 1 2 3 4 5 6 7 8 9 10 11 | 11.6
Conjurations   | 1 2 3 4 5 6 7 8 9 |  9.9
Hexes          | 1 2 3 4 5 6 7 8 9 |  9.9
Charms         | 1 2 3 4 5 6 7 8 9 |  9.9
Summonings     | 1 2 3 4 5 6 7 8 9 |  9.9
Necromancy     | 1 2 3 4 5 6 7 8 9 |  9.9
Translocations | 1 2 3 4 5 6 7 8 9 |  9.9
Fire Magic     | 1 2 3 4 5 6 7 8 9 |  9.9
Ice Magic      | 1 2 3 4 5 6 7 8 9 |  9.9
Air Magic      | 1 2 3 4 5 6 7 8 9 |  9.9
Earth Magic    | 1 2 3 4 5 6 7 8 9 |  9.9
Poison Magic   | 1 2 3 4 5 6 7 8 9 |  9.9
Invocations    | 1 2 3 4 5 6 7 8 9 10 11 12 | 12.5
Evocations     | 1 2 3 4 5 6 7 8 9 10 11 | 11.6
Fighting       | 3 4 5 6 7 8 9 10 11 | 11.8
Transmutations | 4 5 6 7 8 9 10 | 10.6
Dodging        | 5 6 7 8 9 10 11 12 | 12.3
Unarmed Combat | 7 8 9 10 11 12 13 | 13.0

Action                   |  1- 3 |  4- 6 |  7- 9 | 10-12 | 13-15 | 16-18 || total
-------------------------+-------+-------+-------+-------+-------+-------++-------
Melee: Unarmed           |    54 |    42 |   240 |   253 |   349 |   155 ||  1093
       Headbutt          |     3 |       |       |       |       |       ||     3
       Bite              |     2 |     1 |     1 |    46 |   111 |    73 ||   234
       Punch             |     3 |       |       |    23 |    39 |       ||    65
       Kick              |     5 |       |       |       |       |       ||     5
       Dagger            |       |       |     9 |    24 |    41 |       ||    74
       Scythe            |       |       |       |     7 |       |       ||     7
       Demon blade       |       |       |       |       |    88 |       ||    88
       War axe           |       |       |       |       |    76 |   168 ||   244
Throw: Stone             |       |       |     1 |       |       |       ||     1
       Tomahawk          |       |       |       |     5 |    20 |     4 ||    29
 Cast: Beastly Appendage |     9 |       |       |       |       |       ||     9
       Sticks to Snakes  |     2 |     4 |    21 |    26 |     7 |     9 ||    69
       Spider Form       |     2 |     6 |    32 |     1 |       |       ||    41
       Blade Hands       |       |       |       |    37 |    42 |       ||    79
       Borgnjor's Vile C |       |       |       |       |    36 |    29 ||    65
       Regeneration      |       |       |       |       |    22 |    13 ||    35
       Animate Dead      |       |       |       |       |    15 |     2 ||    17
       Fulminant Prism   |       |       |       |       |     1 |       ||     1
       Animate Skeleton  |       |       |       |       |     3 |       ||     3
       Apportation       |       |       |       |       |    28 |    84 ||   112
       Statue Form       |       |       |       |       |     7 |    24 ||    31
       Summon Butterflie |       |       |       |       |       |     2 ||     2
       Bolt of Draining  |       |       |       |       |       |     1 ||     1
       Sublimation of Bl |       |       |       |       |       |     1 ||     1
Invok: Bend Time         |       |       |     1 |       |     2 |       ||     3
       Temporal Distorti |       |       |       |       |     3 |       ||     3
       Slouch            |       |       |       |       |     5 |    10 ||    15
 Abil: End Transformatio |       |       |     1 |     4 |    12 |     5 ||    22
       Evoke Invisibilit |       |       |       |       |     2 |       ||     2
       Evoke Flight      |       |       |       |       |     3 |     3 ||     6
Evoke: Wand              |       |       |       |     9 |    31 |    14 ||    54
       Phantom mirror    |       |       |       |       |       |     1 ||     1
  Use: Scroll            |       |     3 |     6 |     4 |    15 |    11 ||    39
       Potion            |       |       |     2 |     1 |    10 |    11 ||    24
 Stab: Sleeping          |       |     3 |    12 |    19 |    12 |     3 ||    49
       Distracted        |       |     1 |     2 |     2 |    10 |     6 ||    21
       Paralysed         |       |       |       |       |     1 |     8 ||     9
       Invisible         |       |       |       |       |     9 |       ||     9
  Eat: Ration            |       |       |     2 |     1 |     3 |     4 ||    10
       Chunk             |       |       |     4 |     2 |     8 |       ||    14
Armor: Robe              |     4 |     1 |       |       |       |       ||     5
       Skin              |       |     1 |    18 |    12 |    33 |   192 ||   256
       Leather armour    |       |       |     4 |    22 |       |       ||    26
       Troll leather arm |       |       |       |    51 |    43 |     4 ||    98
       Scale mail        |       |       |       |       |   179 |    10 ||   189
Dodge: Dodged            |    25 |    44 |   237 |   291 |   801 |   569 ||  1967
Block: Other             |       |       |       |       |    23 |       ||    23
       Shield            |       |       |       |       |   215 |   552 ||   767
       Reflection        |       |       |       |       |       |     6 ||     6
       Rpst.: Demon blade |       |       |       |       |    16 |       ||    16

Table legend:
 A = Turns spent in this place as a percentage of turns spent in the entire game.
 B = Non-inter-level travel turns spent in this place as a percentage of non-inter-level travel turns spent in the entire game.
 C = Inter-level travel turns spent in this place as a percentage of turns spent in this place.
 D = Turns resting spent in this place as a percentage of non-inter-level travel turns spent in this place.
 E = Turns spent auto-exploring this place as a percentage of non-inter-level travel turns spent in this place.
 F = Non-inter-level travel turns spent in this place divided by the number of levels of this place that you've seen.
                   A       B       C       D       E      F
               +-------+-------+-------+-------+-------+----------------------
         Total | 100.0 | 100.0 |   1.0 |   0.0 |   0.0 | 246.1
       Dungeon |  39.9 |  39.5 |   2.1 |   0.0 |   0.0 | 242.9
        Temple |   0.7 |   0.6 |  19.7 |   0.0 |   0.0 |  49.0
          Lair |  25.8 |  26.1 |   0.0 |   0.0 |   0.0 | 374.3
         Swamp |   9.2 |   9.3 |   0.0 |   0.0 |   0.0 | 200.8
   Spider Nest |  15.2 |  15.4 |   0.0 |   0.0 |   0.0 | 331.5
    Slime Pits |   5.0 |   5.0 |   0.0 |   0.0 |   0.0 |  86.8
      Ice Cave |   4.1 |   4.1 |   0.0 |   0.0 |   0.0 | 354.0
               +-------+-------+-------+-------+-------+----------------------

Table legend:
 A = Kills in this place as a percentage of kills in entire the game.
 B = Kills by you in this place as a percentage of kills by you in the entire game.
 C = Kills by friends in this place as a percentage of kills by friends in the entire game.
 D = Other kills in this place as a percentage of other kills in the entire game.
 E = Experience gained in this place as a percentage of experience gained in the entire game.
 F = Experience gained in this place divided by the number of levels of this place that you have seen.
                   A       B       C       D       E      F
               +-------+-------+-------+-------+-------+----------------------
         Total | 100.0 | 100.0 | 100.0 | 100.0 | 100.0 | 6645.5
       Dungeon |  29.3 |  30.1 |  21.8 |   0.0 |   9.0 | 1495.6
          Lair |  28.4 |  30.0 |  14.1 |   0.0 |  21.2 | 8233.8
         Swamp |  12.9 |  12.3 |  16.7 | 100.0 |  18.3 | 10660.5
   Spider Nest |  18.9 |  16.4 |  42.3 |   0.0 |  25.2 | 14627.2
    Slime Pits |   7.7 |   8.0 |   5.1 |   0.0 |  24.2 | 11272.6
      Ice Cave |   2.8 |   3.2 |   0.0 |   0.0 |   2.0 | 4735.0
               +-------+-------+-------+-------+-------+----------------------

Vault maps used:
D:1:      minmay_arrival_four_loops, minmay_misc_feat_alley, minivault_11
D:2:      lemuel_crystal_altar, first_ration
D:3:      minmay_roachtagon
D:4:      temple_fountains, kennysheep_generic_room_8, uniq_edmund,
          uniq_duvessa, uniq_sigmund
D:5:      serial_curves, eino_curves_03, eino_curves_03, uniq_eustachio
D:6:      uniq_crazy_yiuf_cottage, uniq_prince_ribbit1, uniq_menkaure
D:8:      uniq_pikel, uniq_joseph
D:9:      orc_0_dummy, basic_altar
D:10:     serial_shops, nicolae_shop_crystal, trove_entry_hex_spiral
D:11:     lair_entry_dummy, special_room, the_bakery, minmay_misc_feat_doors,
          uniq_psyche, uniq_fannar
D:12:     kennysheep_small_spiral, grunt_decor_resistance, uniq_nessos
D:13:     minmay_outward_triangles, portal_ice_cave_entry_pillars_1,
          minmay_splitting_lines
D:14:     kennysheep_four_of_diamonds, erik_vaults_1, serial_ice, serial_ice_b,
          serial_ice_d, serial_ice_k, serial_ice_h, serial_ice_o, serial_ice_a,
          serial_ice_g
Temple:   compressed_dpeg_circular_temple
Lair:1:   serial_bayou_shore_b, uniq_grum
Lair:2:   regret_index_wax_grids, lemuel_fruit_fields
Lair:3:   nicolae_spider_entry_orb_guardian, grunt_megastairs_5,
          lemuel_fruit_fields, uniq_snorg
Lair:4:   swamp_mist, beast_lair_carwin_8, serial_bayou_shore_b,
          minmay_lair_oklob_chamber
Lair:5:   slime_dummy
Lair:6:   wormcave, hangedman_lair_caniforms_friends, serial_forest,
          infiniplex_forest_straight_4, infiniplex_forest_end_2,
          infiniplex_forest_end_1, infiniplex_forest_clump_tiny,
          infiniplex_forest_lined_room_2, infiniplex_forest_side_room,
          infiniplex_forest_end_2, minivault_19, grunt_forest_small_clearings,
          serial_bayou_shore_b
Swamp:1:  evilmike_swamp_ruin_rubble_1, swamp_pool3, infiniplex_staircase_pool_2
Swamp:2:  wheals_swamp_sinkhole, swamp_pool3, nicolae_swamp_alligator_family
Swamp:3:  evilmike_swamp_ruin_house_6
Swamp:4:  swamp_alternative, swamp_pool3, uniq_mara
Spider:2: uniq_asterion
Spider:3: spider_trap, nicolae_spider_webs_and_nodes, guppyfry_hornet_nest
Spider:4: grunt_spider_rune_circles
Slime:1:  nicolae_slime_barrier
IceCv:    ice_cave_tombish
